 Dungeon Crawl Stone Soup version 0.21-a0-521-g1cd18d1 (webtiles) character file.

321 Megalobster the Chopper (level 6, -18/57 HPs)
             Began as a Deep Dwarf Fighter on Dec 5, 2017.
             Demolished by an ogre
             ... wielding a +0 giant club
              (19 damage)
             ... on level 4 of the Dungeon.
             The game lasted 00:05:57 (1971 turns).

Megalobster the Chopper (Deep Dwarf Fighter)        Turns: 1971, Time: 00:05:57

Health: -18/57     AC:  9    Str: 20    XL:     6   Next: 22%
Magic:  5/5        EV:  7    Int:  9    God:
Gold:   129        SH: 10    Dex: 13    Spells: 5/5 levels left

rFire    . . .     SeeInvis .   a - +0 war axe
rCold    . . .     Gourm    +   c - +0 shield
rNeg     . . .     Faith    .   b - +0 scale mail
rPois    +         Spirit   .   w - +0 helmet
rElec    .         Reflect  .   (no cloak)
rCorr    .         Harm     .   (no gloves)
MR       .....                  i - +0 pair of boots
Stlth    ..........             v - amulet of the gourmand
HPRegen  0.00/turn              n - ring of poison resistance
MPRegen  0.09/turn              (no ring)

@: non-regenerating
A: damage resistance, heal wounds, sense surroundings 1, no regeneration
a: Heal Wounds


You were on level 4 of the Dungeon.
You were very full.

You visited 1 branch of the dungeon, and saw 4 of its levels.

You collected 129 gold pieces.

Inventory:

Hand Weapons
 a - a +0 war axe (weapon)
Armour
 b - a +0 scale mail (worn)
 c - a +0 shield (worn)
 i - a +0 pair of boots (worn)
 l - a cursed +0 leather armour
 w - a +0 helmet (worn)
Jewellery
 j - an uncursed amulet of guardian spirit
 n - a ring of poison resistance (left hand)
 v - an amulet of the gourmand (around neck)
Scrolls
 e - 2 scrolls of magic mapping {unknown}
 g - 2 scrolls of teleportation {unknown}
 k - 4 scrolls of remove curse {unknown}
 m - 3 scrolls of identify {unknown}
 o - a scroll of noise {unknown}
 u - 2 scrolls of enchant weapon {unknown}
Potions
 d - 3 potions of might
 p - a potion of curing
 r - a potion of flight {unknown}
 t - 3 potions of heal wounds {unknown}
 x - a potion of mutation {unknown}
Comestibles
 f - 2 bread rations
 h - 2 fruits
 q - 4 chunks of flesh
 s - a meat ration


   Skills:
 + Level 3.7 Fighting
 * Level 4.8 Axes
 + Level 4.5 Armour
 + Level 4.5 Shields


You had 5 spell levels left.
You didn't know any spells.

Dungeon Overview and Level Annotations

Branches:
Dungeon (4/15)             Temple (0/1) D:4

Altars:
Uskayaw
Vehumet
Zin


Innate Abilities, Weirdness & Mutations

You are resistant to damage.
You can heal yourself by infusing magical energy.
You passively map a small area around you.
You do not regenerate.


Message History

Your shield prevents you from hitting the ball python.
You block the ball python's attack. The ball python grabs you.
The ball python constricts you.
You hit the ball python.
You kill the ball python!
You completely miss the ogre. The ogre completely misses you.
You barely miss the ogre. The ogre hits you with a giant club.
You block the ogre's attack.
You closely miss the ogre. The ogre barely misses you.
You hit the ogre.
The ogre is lightly wounded.
The ogre hits you with a giant club!!
You slash the ogre!
The ogre is heavily wounded.
The ogre hits you with a giant club!!
* * * LOW HITPOINT WARNING * * *
You slash the ogre!
The ogre is almost dead.
The ogre hits you with a giant club!!
You die...

., , .. , , * .##
#.# , * ...* .. * ≈
, #.###.## * .*
...#..### , ,
....####.##...# ,
#>...$....<.#
######.###........,
* #@# ##....... *
#O# #...... #F#**
##.... , #.. ....
*#.8, * ### ,....
,8.>. , * ..... ,


You could see an ogre and a bullfrog.

Vanquished Creatures
  Sigmund (D:3)
  Natasha (D:2)
  Robin (D:3)
  7 adders
  3 dart slugs (D:1)
  A leopard gecko (D:2)
  5 bats
  3 giant cockroaches
  18 goblins
  5 hobgoblins
  3 jackals (D:2)
  A ball python (D:4)
  A frilled lizard (D:2)
  7 kobolds
  6 rats
63 creatures vanquished.

Notes
Turn   | Place    | Note
-------+----------+-------------------------------------------
     0 | D:1      | Megalobster the Deep Dwarf Fighter began the quest for the Orb.
     0 | D:1      | Reached XP level 1. HP: 20/20 MP: 1/1
   137 | D:1      | Reached XP level 2. HP: 17/27 MP: 2/2
   601 | D:1      | Reached XP level 3. HP: 16/33 MP: 0/3
   756 | D:2      | Found a faded altar of an unknown god.
   916 | D:2      | Reached XP level 4. HP: 38/42 MP: 0/3
  1090 | D:2      | Noticed Natasha
  1104 | D:2      | Killed Natasha
  1347 | D:3      | Found a glowing silver altar of Zin.
  1584 | D:3      | Found a radiant altar of Vehumet.
  1604 | D:3      | Noticed Robin
  1625 | D:3      | Killed Robin
  1685 | D:3      | Found a hide-covered altar of Uskayaw.
  1686 | D:3      | Noticed a dagger
  1687 | D:3      | Noticed a hand axe
  1723 | D:3      | Reached XP level 5. HP: 43/49 MP: 4/4
  1798 | D:3      | Noticed Sigmund
  1821 | D:3      | Killed Sigmund
  1821 | D:3      | Reached XP level 6. HP: 42/57 MP: 5/5
  1950 | D:4      | Found a staircase to the Ecumenical Temple.
  1970 | D:4      | HP: 1/57 [ogre/giant club (20)]
  1971 | D:4      | Demolished by an ogre

Vault maps used:
D:1:      lightli_molten_gateway, minmay_misc_feat_square
D:2:      chequers_ecumenical_altar_island, uniq_natasha
D:3:      dancing_weapons_uskayaw, vehumet_crystals, overflow_temple_1_default,
          uniq_robin, uniq_sigmund
D:4:      kennysheep_mini, gammafunk_temple_overflow_claw,
          minmay_temple_entry_statues_pillars, portal_sewer_entry_a,
          kennysheep_generic_room_9

Skill      XL: |  1  2  3  4 |
---------------+-------------+-----
Axes           | 3 4 |  4.8
Fighting       | 3 |  3.7
Armour         | 4 |  4.5
Shields        | 4 |  4.5

Action                   |  1- 3 |  4- 6 || total
-------------------------+-------+-------++-------
Melee: War axe           |   111 |   126 ||   237
 Abil: Heal Wounds       |     1 |     2 ||     3
  Use: Potion            |       |     3 ||     3
  Eat: Chunk             |       |    13 ||    13
Armor: Scale mail        |    57 |    56 ||   113
Dodge: Dodged            |    43 |    31 ||    74
Block: Shield            |    58 |    72 ||   130

Table legend:
 A = Spawn XP
 B = Non-spawn XP
 C = Spawn XP percentage of total XP
 D = Spawn monster count
 E = Non-spawn monster count
 F = Spawn count percentage of total count
 G = Total turns spent on level
                    A         B        C        D         E        F      G
               +---------+---------+-------+---------+---------+-------+---------
         Total |       0 |     459 |   0.0 |       0 |      63 |   0.0 |  1971
               +---------+---------+-------+---------+---------+-------+---------
           D:1 |       0 |      42 |   0.0 |       0 |      22 |   0.0 |   682
           D:2 |       0 |     107 |   0.0 |       0 |      18 |   0.0 |   665
           D:3 |       0 |     293 |   0.0 |       0 |      20 |   0.0 |   597
           D:4 |       0 |      17 |   0.0 |       0 |       3 |   0.0 |    27
               +---------+---------+-------+---------+---------+-------+---------
